 Dungeon Crawl Stone Soup version 0.31.0-12-g77e489cdc1 (webtiles) character file.

Game seed: 17061755931165535147

19044 Deanu the Basher (level 12, -1/112 HPs)
             Began as a Minotaur Gladiator on Feb 26, 2024.
             Was a High Priest of the Shining One.
             Slain by an enormous slime creature (32 damage)
             ... on level 12 of the Dungeon on Feb 28, 2024.
             The game lasted 02:58:44 (15424 turns).

Deanu the Basher (Minotaur Gladiator)              Turns: 15424, Time: 02:58:49

Health: -1/112     AC: 11    Str: 22    XL:     12   Next: 33%
Magic:  13/13      EV: 18    Int:  5    God:    the Shining One [*****.]
Gold:   985        SH:  0    Dex: 20    Spells: 11/11 levels left

rFire   + . .        Q - +3 hammer (heavy)
rCold   . . .        J - orb {*channel}
rNeg    + + .        e - +0 acid dragon scales
rPois   .            c - +0 hat
rElec   .            H - +2 cloak
rCorr   +            (no gloves)
SInv    .            (no boots)
Will    .....        r - amulet of Vitality {RegenMP++ Regen++}
Stlth   +            T - ring of protection from fire
HPRegen 1.98/turn    p - +6 ring of dexterity
MPRegen 0.93/turn

%: channel magic (20%)
@: glowing
A: horns 2, retaliatory headbutt
a: Renounce Religion, Divine Shield, Cleansing Flame, Summon Divine Warrior


You were on level 12 of the Dungeon.
You worshipped the Shining One.
The Shining One was extremely pleased with you.
You visited 4 branches of the dungeon, and saw 16 of its levels.

You collected 985 gold pieces.

Inventory:

Hand Weapons
 a - a +2 heavy hand axe
 i - a +3 scimitar of flaming
 k - a +4 dire flail of freezing
 l - a +4 great sword
 m - a +4 falchion of freezing
 s - a +5 battleaxe
 w - a +4 great sword
 y - a +5 hand axe
 F - a +5 short sword
 G - a +3 mace
 Q - a +3 heavy hammer (weapon)
 Z - a +1 mace of holy wrath
Missiles
 K - 3 curare-tipped darts (quivered)
 R - 4 atropa-tipped darts
 U - 31 poisoned darts
 X - a throwing net
Armour
 c - a +0 hat (worn)
 e - +0 acid dragon scales (worn)
 H - a +2 cloak (worn)
 J - an orb of energy (worn)
 L - a +2 robe
Jewellery
 f - the ring of Duon {^Contam rN+ Int+2 Dex+3 Stlth+}
   (You found it on level 10 of the Dungeon)

   [ring of positive energy]

   Int+2:     It affects your intelligence (+2).
   Dex+3:     It affects your dexterity (+3).
   rN+:       It protects you from negative energy.
   ^Contam:   It causes magical contamination when unequipped.
   Stlth+:    It makes you more stealthy.
 p - a +6 ring of dexterity (right hand)
 r - the amulet of Vitality (around neck) {RegenMP++ Regen++}
   (You found it on level 9 of the Dungeon)

   [amulet of magic regeneration]

   RegenMP:   It increases your rate of magic regeneration.
   Regen++:   It increases your rate of health regeneration.
 T - a ring of protection from fire (left hand)
Talismans
 I - a serpent talisman
Wands
 b - a wand of polymorph (1)
 D - a wand of iceblast (7)
 M - a wand of digging (6)
 O - a wand of flame (8)
 V - a wand of light (15)
Scrolls
 g - a scroll of revelation {unknown}
 n - 2 scrolls of blinking
 o - a scroll of noise {unknown}
 q - a scroll of fear
 u - a scroll of acquirement {unknown}
 C - a scroll of brand weapon {unknown}
 N - 3 scrolls of teleportation
 W - a scroll of enchant armour {unknown}
 Y - a scroll of immolation {unknown}
Potions
 d - a potion of brilliance {unknown}
 j - a potion of heal wounds
 t - a potion of enlightenment {unknown}
 v - a potion of cancellation
 x - a potion of resistance {unknown}
 z - 2 potions of curing
 B - 3 potions of attraction {unknown}
 E - a potion of might
 P - a potion of magic
 S - a potion of invisibility {unknown}


   Skills:
 + Level 11.9 Fighting
 - Level 14.0 Maces & Flails
 + Level 5.5 Polearms
 + Level 5.1 Throwing
 + Level 8.3 Armour
 + Level 9.9 Dodging
 + Level 4.1 Stealth
 + Level 1.5 Shields
 + Level 2.8 Invocations


You had 11 spell levels left.
You didn't know any spells.
Your spell library contained the following spells:

 Spells                   Type           Power      Damage    Failure   Level
 Sandblast                Erth           0%         2d4       75%         1
 Slow                     Hex            0%         N/A       75%         1
 Sting                    Conj/Alch      0%         1d3       75%         1
 Mercury Vapours          Alch/Air       0%         N/A       86%         2
 Confusing Touch          Hex            0%         N/A       97%         3
 Gell's Gravitas          Tloc           0%         N/A       97%         3
 Passwall                 Erth           0%         N/A       97%         3
 Sigil of Binding         Hex            0%         N/A       97%         3
 Stone Arrow              Conj/Erth      0%         3d7       97%         3
 Teleport Other           Tloc           0%         N/A       97%         3
 Vampiric Draining        Necr           0%         2d6       97%         3
 Anguish                  Hex/Necr       0%         N/A       100%        4
 Animate Dead             Necr           0%         N/A       100%        4
 Brom's Barrelling Bould  Conj/Erth      0%         2d3       100%        4
 Cause Fear               Hex            0%         N/A       100%        4
 Olgreb's Toxic Radiance  Alch           0%         N/A       100%        4
 Borgnjor's Vile Clutch   Necr/Erth      0%         N/A       100%        5
 Death Channel            Necr           0%         N/A       100%        6
 Dispersal                Tloc           0%         N/A       100%        6
 Enfeeble                 Hex            0%         N/A       100%        7


Dungeon Overview and Level Annotations

Branches:
Dungeon (12/15)            Temple (1/1) D:5            Lair (1/5) D:11
    Orc (2/2) D:10
    Elf: Orc:2

Altars:
Ashenzari
Cheibriados
Dithmenos
Elyvilon
Fedhas
Gozag
Hepliaklqana
Kikubaaqudgha
Makhleb
Nemelex Xobeh
Okawaru
Qazlal
Ru
Sif Muna
Trog
Uskayaw
Vehumet
Wu Jian
Xom
Yredelemnul
Zin
The Shining One

Shops:
D:4 :   Orc:1 (


Innate Abilities, Weirdness & Mutations

You have a pair of horns on your head.
You reflexively headbutt those who attack you in melee.


Message History

You bludgeon the enormous slime creature!!
You headbutt the enormous slime creature!
The enormous slime creature is moderately wounded.
The enormous slime creature misses you. The slime creature hits you.
You bludgeon the enormous slime creature!!
The enormous slime creature is heavily wounded.
The enormous slime creature closely misses you.
You furiously retaliate!
You headbutt the enormous slime creature!
The slime creature hits you but does no damage.
You bludgeon the enormous slime creature!!
The enormous slime creature is heavily wounded.
The enormous slime creature misses you. You furiously retaliate!
You headbutt the enormous slime creature.
The slime creature hits you.
You bludgeon the enormous slime creature!!
You headbutt the enormous slime creature, but do no damage.
The enormous slime creature is severely wounded.
The slime creature hits you!
The enormous slime creature barely misses you.
You bludgeon the enormous slime creature!!
The enormous slime creature is severely wounded.
The enormous slime creature completely misses you.
The slime creature hits you!
You hit the enormous slime creature.
You headbutt the enormous slime creature.
The enormous slime creature is severely wounded.
The enormous slime creature barely misses you.
The slime creature hits you but does no damage.
You sock the enormous slime creature!
The enormous slime creature is severely wounded.
The enormous slime creature hits you!!!
The slime creature hits you but does no damage.
You bludgeon the enormous slime creature!!
You headbutt the enormous slime creature!
The enormous slime creature is almost dead.
The slime creature hits you!
* * * LOW HITPOINT WARNING * * *
The enormous slime creature hits you!!
You die...

..~.~~.~.###
#.~.≈~...#
#~~.~~...#
#..~~≈.~.#
#...~~~..#
#...≈~...#
#....~...#
~..~~.~.###
.~.~≈...@J#
.~.≈~~.##J#
#~.~~.#


OJ. ##.≈≈~ ..... #..≈≈. .####.# #.#≈≈# .# # ..##≈ .# .# You could see an
enormous slime creature, a large slime creature, a slime creature and a
two-headed ogre.

Vanquished Creatures
  Fannar (Orc:1)
  Erica (D:8)
  2 two-headed ogres
  A deep troll (D:9)
  An orc sorcerer (Orc:1)
  Joseph (D:7)
  Maurice (Orc:1)
  3 kobold blastminers (Orc:1)
  3 kobold demonologists (D:10)
  Maggie (D:10)
  An unseen horror (D:11)
  A komodo dragon (D:11)
  Jeremiah (D:7)
  5 trolls
  Grinder (D:6)
  Prince Ribbit (D:8)
  2 shadows
  A wyvern (D:8)
  23 yaks
  A wraith (D:11)
  5 vampire mosquitoes (D:11)
  A basilisk (D:11)
  A steam dragon (D:8)
  An acid dragon (D:11)
  A water moccasin (D:5)
  8 orc warriors
  2 sky beasts
  6 ogres
  2 phantoms
  A centaur (D:11)
  6 kobold brigands
  3 bullfrogs
  6 scorpions
  20 wights
  7 killer bees (D:8)
  6 howler monkeys
  2 bombardier beetles
  4 hounds
  2 gnoll boudas
  10 orc priests
  3 sleepcaps (D:4)
  Crazy Yiuf (D:3)
  5 jellies
  4 iguanas
  20 orc wizards
  4 gnolls (D:4)
  9 adders
  A white imp (D:8)
  2 ribbon worms
  3 dart slugs (D:4)
  36 orcs
  3 ball pythons
  10 bats
  3 endoplasms
  3 giant cockroaches
  10 goblins
  8 hobgoblins
  21 kobolds
  3 quokkas
  5 frilled lizards
  7 rats
307 creatures vanquished.

Vanquished Creatures (others)
  4 orcs (Orc:1)
4 creatures vanquished.

Grand Total: 311 creatures vanquished

Notes
Turn   | Place    | Note
-------+----------+-------------------------------------------
     0 | D:1      | Deanu the Minotaur Gladiator began the quest for the Orb.
     0 | D:1      | Reached XP level 1. HP: 18/18 MP: 0/0
   193 | D:1      | Reached XP level 2. HP: 24/25 MP: 1/1
   267 | D:1      | Found a faded altar of an unknown god.
   296 | D:1      | Prayed at the altar of an unknown god.
   296 | D:1      | Became a worshipper of the Shining One
   296 | D:1      | Reached * piety under the Shining One
   404 | D:1      | Reached XP level 3. HP: 30/30 MP: 2/2
  1822 | D:4      | Reached skill level 1 in Armour
  1822 | D:4      | Reached XP level 4. HP: 5/37 MP: 3/3
  2172 | D:3      | Found a runed translucent door.
  2174 | D:3      | Noticed Crazy Yiuf
  2183 | D:3      | Killed Crazy Yiuf
  2184 | D:3      | Reached skill level 5 in Polearms
  2211 | D:3      | Reached XP level 5. HP: 25/45 MP: 4/4
  2408 | D:3      | Found a glowing golden altar of the Shining One.
  2952 | D:4      | Reached skill level 1 in Stealth
  3072 | D:4      | Found Zuto Ygi's Book Shoppe.
  3117 | D:4      | Reached XP level 6. HP: 48/51 MP: 5/5
  3484 | D:4      | Reached skill level 1 in Maces & Flails
  3720 | D:4      | Found an opulent altar of Gozag.
  3804 | D:4      | Reached ** piety under the Shining One
  3811 | D:4      | Reached XP level 7. HP: 41/58 MP: 6/6
  3820 | D:4      | Reached skill level 2 in Maces & Flails
  3861 | D:4      | Reached skill level 5 in Dodging
  4027 | D:4      | Reached skill level 3 in Maces & Flails
  4361 | D:5      | Entered Level 5 of the Dungeon
  4398 | D:5      | Reached skill level 4 in Maces & Flails
  4584 | D:5      | Reached XP level 8. HP: 64/67 MP: 7/7
  4872 | D:5      | Reached skill level 5 in Maces & Flails
  5212 | D:5      | Found a staircase to the Ecumenical Temple.
  5244 | D:5      | Found a sacrificial altar of Ru.
  5332 | Temple   | Entered the Ecumenical Temple
  5479 | D:5      | Reached skill level 6 in Maces & Flails
  5999 | D:6      | Reached skill level 1 in Invocations
  6095 | D:6      | Noticed a troll
  6102 | D:6      | Killed a troll
  6103 | D:6      | Reached skill level 5 in Fighting
  6103 | D:6      | Reached skill level 7 in Maces & Flails
  6245 | D:6      | Noticed Grinder
  6248 | D:6      | Paralysed by Grinder for 2 turns
  6254 | D:6      | Killed Grinder
  6255 | D:6      | Reached XP level 9. HP: 74/74 MP: 9/9
  6364 | D:6      | Reached skill level 8 in Maces & Flails
  6645 | D:7      | Noticed Jeremiah
  6818 | D:7      | Killed Jeremiah
  6819 | D:7      | Reached skill level 9 in Maces & Flails
  7033 | D:7      | Reached *** piety under the Shining One
  7055 | D:7      | Reached skill level 5 in Armour
  7328 | D:7      | Found an iron altar of Okawaru.
  7386 | D:7      | Noticed Joseph
  7400 | D:7      | Killed Joseph
  7401 | D:7      | Reached skill level 10 in Maces & Flails
  8086 | D:7      | Found a glowing silver altar of Zin.
  8087 | D:7      | Found a shimmering blue altar of Sif Muna.
  8090 | D:7      | Found a stormy altar of Qazlal.
  8653 | D:8      | Noticed Prince Ribbit
  8687 | D:8      | Reached XP level 10. HP: 85/86 MP: 10/10
  8691 | D:8      | Killed Prince Ribbit
  9523 | D:8      | Reached skill level 11 in Maces & Flails
  9530 | D:8      | Reached skill level 1 in Shields
  9797 | D:8      | Noticed Erica
 10096 | D:8      | Killed Erica
 10404 | D:8      | Found a white marble altar of Elyvilon.
 10783 | D:9      | Reached skill level 12 in Maces & Flails
 10845 | D:9      | Found a broken altar of Ashenzari.
 10963 | D:9      | Reached XP level 11. HP: 90/95 MP: 11/11
 11176 | D:9      | Reached **** piety under the Shining One
 11323 | D:9      | Noticed a deep troll
 11377 | D:9      | Found the amulet of Vitality {RegenMP++ Regen++}
 11385 | D:9      | Killed a deep troll
 11915 | D:10     | Entered Level 10 of the Dungeon
 12007 | D:10     | Noticed Maggie
 12019 | D:10     | Killed Maggie
 12042 | D:10     | Reached skill level 13 in Maces & Flails
 12150 | D:10     | Reached skill level 10 in Fighting
 12317 | D:10     | Noticed a two-headed ogre
 12342 | D:10     | Killed a two-headed ogre
 12435 | D:10     | Found a staircase to the Orcish Mines.
 12517 | Orc:1    | Entered Level 1 of the Orcish Mines
 12528 | Orc:1    | Reached ***** piety under the Shining One
 12582 | Orc:1    | Noticed Fannar
 12587 | Orc:1    | Reached skill level 14 in Maces & Flails
 12601 | Orc:1    | Killed Fannar
 12603 | Orc:1    | Noticed Maurice
 12722 | Orc:1    | Noticed an orc sorcerer
 12744 | Orc:1    | Killed an orc sorcerer
 12790 | Orc:1    | Reached XP level 12. HP: 58/110 MP: 13/13
 12892 | Orc:1    | Found Okoe's Antique Weapon Shoppe.
 13040 | Orc:1    | Killed Maurice
 13460 | Orc:2    | Entered Level 2 of the Orcish Mines
 13883 | D:10     | Identified the ring of Duon {^Contam rN+ Int+2 Dex+3
                  | Stlth+}
 14262 | D:10     | Noticed a two-headed ogre
 14338 | D:11     | Reached skill level 5 in Throwing
 14566 | D:11     | Noticed a two-headed ogre
 14574 | D:11     | Killed a two-headed ogre
 15064 | D:11     | Found a staircase to the Lair.
 15074 | Lair:1   | Entered Level 1 of the Lair of Beasts
 15410 | D:12     | Noticed a two-headed ogre
 15424 | D:12     | Slain by an enormous slime creature

Illustrated notes

Levels and vault maps discovered:
D:1:      dpeg_arrival_fog, layout_basic,
          hellmonk_ecumenical_altar_leap_of_faith, minmay_tall_x
D:2:      layout_basic, chequers_serial_rivers_micro_a
D:3:      layout_rooms, mainiacjoe_overflow_boulevard, nrook_loot_triangle,
          nicolae_half_adder, uniq_crazy_yiuf_cottage
D:4:      minmay_bubble_buster, layout_loops_ring, overflow_temple_1_default,
          serial_shops, shop, kennysheep_generic_room_14
D:5:      layout_gridville, lemuel_doored_altar, temple_statues,
          serial_bayou_lagoon_a
D:6:      layout_basic, uniq_grinder
D:7:      layout_basic, mainiacjoe_overflow_cross_hatched,
          grunt_temple_overflow_open, uniq_joseph, uniq_jeremiah
D:8:      layout_basic, mainiacjoe_overflow_surrounded_room, st_stairs_1,
          uniq_erica, uniq_prince_ribbit1
D:9:      layout_loops_cross, kennysheep_mini, minivault_16,
          hellmonk_guarded_unrand_vitality_bloodlust
D:10:     layout_long_grid, erik_orc_4, uniq_maggie
D:11:     layout_irregular_city, lair_entry_dummy, minmay_gold_behind_fungi
D:12:     minmay_open_boxes_in_corner, layout_loops_ring,
          chequers_serial_rivers_small_3
Temple:   nicolae_temple_god_jail
Lair:1:   layout_big_grid
Orc:1:    layout_diamond_mine, serial_shops, shop, uniq_nergalle, uniq_fannar,
          uniq_maurice
Orc:2:    st_orc_town, layout_caves, basic_altar

Skill      XL: |  1  2  3  4  5  6  7  8  9 10 11 12 |
---------------+-------------------------------------+-----
Polearms       | 4 5 |  5.5
Dodging        | 4 5 6 8 9 |  9.9
Armour         | 1 2 3 4 5 6 7 8 |  8.3
Fighting       | 3 4 5 7 8 11 | 11.9
Throwing       | 3 4 5 |  5.1
Stealth        | 1 2 3 4 |  4.1
Maces & Flails | 1 4 7 10 12 14 | 14.0
Invocations    | 1 2 |  2.8
Shields        | 1 |  1.5

Action                     |  1- 3 |  4- 6 |  7- 9 | 10-12 || total
---------------------------+-------+-------+-------+-------++-------
  Melee: Trident           |    72 |     7 |       |       ||    79
         Headbutt          |    12 |    11 |    40 |   113 ||   176
         Punch             |     2 |       |     3 |     7 ||    12
         Mace              |       |    34 |   172 |   421 ||   627
  Throw: Boomerang         |    26 |    25 |       |     2 ||    53
         Stone             |       |    18 |       |       ||    18
         Throwing net      |       |     1 |     4 |       ||     5
         Dart              |       |       |       |     6 ||     6
 Invoke: Divine Shield     |       |     1 |     2 |     1 ||     4
         Cleansing Flame   |       |       |       |     1 ||     1
Ability: Begin Untransform |       |       |       |     1 ||     1
    Use: Scroll            |       |     2 |     6 |     7 ||    15
         Potion            |       |       |     2 |     6 ||     8
 Armour: Leather armour    |    49 |    44 |   120 |   116 ||   329
         Acid dragon scale |       |       |       |   157 ||   157
  Dodge: Dodged            |    46 |    34 |   142 |   305 ||   527
  Block: Other             |       |       |     5 |     5 ||    10
   Form: Serpent           |       |       |       |     1 ||     1
